 Dungeon Crawl Stone Soup version 0.30-a0-948-g4fa250aae5 (webtiles) character file.

Game seed: 7901172219876545599

7499 CowFu the Basher (level 10, -13/129 HPs)
             Began as a Minotaur Fighter on Mar 27, 2023.
             Was a Believer of the Shining One.
             Mangled by a stone giant (25 damage)
             ... on level 9 of the Dungeon.
             The game lasted 00:07:17 (7181 turns).

CowFu the Basher (Minotaur Fighter)                 Turns: 7181, Time: 00:07:17

Health: -13/129    AC: 21    Str: 25    XL:     10   Next: 95%
Magic:  12/12      EV: 19    Int:  5    God:    the Shining One [**....]
Gold:   566        SH:  5    Dex: 10    Spells: 9/9 levels left

rFire   + + +      SeeInvis .    a - +0 flail
rCold   . . .      Faith    .    c - +0 buckler
rNeg    + + +      Spirit   .    n - +6 chain mail of Pumois {-Cast -Tele rF+++ rN++}
rPois   .          Reflect  .    L - +0 hat
rElec   .          Rampage  .    m - +2 cloak
rCorr   .          NoTele   +    (no gloves)
Will    .....      NoCast   +    F - +0 pair of boots Stlth
                                 (no amulet)
HPRegen 0.41/turn                f - +5 ring of evasion
MPRegen 0.13/turn                d - +5 ring of evasion

@: berserking, glowing, very quick
A: horns 2, retaliatory headbutt
a: Renounce Religion, Divine Shield


You were on level 9 of the Dungeon.
You worshipped the Shining One.
The Shining One was pleased with you.
You visited 1 branch of the dungeon, and saw 10 of its levels.

You collected 566 gold pieces.

Inventory:

Hand Weapons
 a - a +0 flail (weapon)
Armour
 c - a +0 buckler (worn)
 m - a +2 cloak (worn)
 n - the +6 chain mail of Pumois (worn) {-Cast -Tele rF+++ rN++}
   (You found it on level 2 of the Dungeon)

   rF:        It renders you almost immune to fire.
   rN:        It greatly protects you from negative energy.
   -Cast:     It prevents spellcasting.
   -Tele:     It prevents most forms of teleportation.
 o - a scarf of resistance
 F - a +0 pair of boots (worn)
 L - a +0 hat (worn)
Jewellery
 d - a +5 ring of evasion (right hand)
 f - a +5 ring of evasion (left hand)
 J - an amulet of guardian spirit
 M - a +6 ring of strength
Wands
 g - a wand of flame (40)
 B - a wand of acid (9)
 I - a wand of paralysis (2)
Scrolls
 b - a scroll of magic mapping {unknown}
 j - 2 scrolls of fear {unknown}
 p - a scroll of immolation {unknown}
 q - 2 scrolls of fog {unknown}
 r - 2 scrolls of enchant armour {unknown}
 t - a scroll of teleportation {unknown}
 w - 3 scrolls of silence {unknown}
 x - a scroll of acquirement {unknown}
 y - 4 scrolls of identify
 z - a scroll of amnesia {unknown}
 C - a scroll of vulnerability {unknown}
 E - a scroll of torment {unknown}
 G - a scroll of enchant weapon {unknown}
 H - 3 scrolls of noise {unknown}
Potions
 h - 5 potions of lignification
 i - 3 potions of mutation {unknown}
 k - 4 potions of brilliance {unknown}
 l - a potion of cancellation {unknown}
 s - 11 potions of curing {unknown}
 u - a potion of flight {unknown}
 v - 2 potions of magic {unknown}
 A - a potion of might
 D - a potion of heal wounds {unknown}
 K - a potion of ambrosia {unknown}


   Skills:
 + Level 7.0 Fighting
 - Level 14.0 Maces & Flails
 + Level 7.1 Armour
 + Level 5.2 Dodging
 + Level 7.0 Shields
 + Level 4.6 Invocations
 + Level 4.3 Evocations


You had 9 spell levels left.
You didn't know any spells.
Your spell library contained the following spells:

 Spells                   Type           Power      Damage    Failure   Level
 Foxfire                  Conj/Fire      0%         2x1d4     98%         1
 Magic Dart               Conj           0%         1d3       98%         1
 Slow                     Hex            0%         N/A       98%         1
 Sting                    Tmut/Pois      0%         1d3       98%         1
 Confusing Touch          Hex            0%         N/A       100%        3
 Dazzling Flash           Conj/Hex       0%         N/A       100%        3
 Ignite Poison            Fire/Tmut/Pois 0%         N/A       100%        3
 Kindle Blastsparks       Fire/Tloc/Air  0%         2d10      100%        3
 Vampiric Draining        Necr           0%         2d6       100%        3
 Iskenderun's Mystic Bla  Conj/Tloc      0%         2d3       100%        4
 Sticky Flame             Conj/Fire      0%         2d3       100%        4
 Freezing Cloud           Conj/Ice/Air   0%         6-21      100%        5
 Starburst                Conj/Fire      0%         6d3       100%        6
 Ignition                 Fire           0%         3d3       100%        8


Dungeon Overview and Level Annotations

Branches:
Dungeon (10/15)            Temple (0/1) D:7
   Lair: D:8-11         Orc: D:9-12

Altars:
Dithmenos
Uskayaw
Vehumet
The Shining One

Shops:
D:3 [   D:5 :[

Annotations:
D:10 Lodul


Innate Abilities, Weirdness & Mutations

You have a pair of horns on your head.
You reflexively headbutt those who attack you in melee.


Message History

You hit the ogre.
You headbutt the ogre, but do no damage.
The ogre is heavily wounded.
You hit the ogre but do no damage.
The ogre is heavily wounded.
The stone giant hits you!! The yak gores you but does no damage.
The ogre barely misses you. The ogre closely misses you.
Lodul closely misses you. You furiously retaliate!
You headbutt Lodul!
You are too injured to fight recklessly!
You are too injured to fight recklessly!
You are too injured to fight recklessly!
There is a stone staircase leading up here.
The yak barely misses you. You furiously retaliate!
You headbutt the yak! The ogre completely misses you.
The stone giant completely misses you. You furiously retaliate!
You headbutt the stone giant.
You climb upwards.
There is a stone staircase leading down here.
Okay, then.
The stone giant attacks as you move away!
You block the stone giant's attack. The yak gores you but does no damage.
The ogre attacks as you move away! The ogre misses you.
You furiously retaliate!
You headbutt the ogre. The yak barely misses you.
You sock the yak! Your headbutt misses the yak.
The yak is severely wounded.
The yak barely misses you. You furiously retaliate!
You headbutt the yak!
You kill the yak!
You hit the stone giant. You headbutt the stone giant!
The stone giant is lightly wounded.
You block the stone giant's attack.
You hit the stone giant.
You headbutt the stone giant, but do no damage.
The stone giant is moderately wounded.
You sock the stone giant!
You headbutt the stone giant, but do no damage.
The stone giant is moderately wounded.
The stone giant hits you!!
* * * LOW HITPOINT WARNING * * *
A red film seems to cover your vision as you go berserk!
You feel yourself moving faster!
You feel mighty! The stone giant hits you!!
You die...

#...........# ##.#########.#
##.#########.####
................#
##.######....<..########
##.#####........##.....#
#.....................########
##..####........##............#
....# ##.......@CO>....#####.#
###.# #.......##......# #.#
#.#####.......##...##.# #.#
#....##..#.##.##...##.# #.#
####.##..#.##.##...##.#####.#
#.##............##.##.##.#
#.#..#...............#.#.#
#.#..#.###.....[..<.###..#
#....#....###..#####.#.###


You could see a stone giant and an ogre.

Vanquished Creatures
  Gastronok (D:9)
  2 trolls
  A hornet (D:9)
  Prince Ribbit (D:5)
  A vampire (D:10)
  11 yaks
  2 acid dragons
  A water moccasin (D:7)
  2 sky beasts
  2 ice beasts
  3 orc warriors
  A black bear (D:7)
  3 ogres
  3 centaurs
  3 phantoms
  A kobold brigand (D:5)
  4 scorpions
  2 bullfrogs
  6 wights
  4 killer bees (D:9)
  2 howler monkeys
  2 hounds (D:5)
  3 jellies
  2 gnoll boudas (D:7)
  7 orc priests
  Ijyb (D:5)
  6 iguanas
  8 orc wizards
  Robin (D:4)
  12 gnolls
  5 adders
  3 shadow imps (D:6)
  2 ufetubi (D:6)
  2 worms
  3 dart slugs
  16 orcs
  8 endoplasms
  3 giant cockroaches
  13 goblins
  13 hobgoblins
  8 jackals
  5 quokkas
  7 ball pythons
  6 bats
  4 frilled lizards
  14 kobolds
  2 rats
212 creatures vanquished.

Notes
Turn   | Place    | Note
-------+----------+-------------------------------------------
     0 | D:1      | CowFu the Minotaur Fighter began the quest for the Orb.
     0 | D:1      | Reached XP level 1. HP: 19/19 MP: 0/0
    76 | D:1      | Reached skill level 3 in Maces & Flails
   111 | D:1      | Reached XP level 2. HP: 26/26 MP: 1/1
   129 | D:1      | Got Sif Muna's Codex of Mutagenic Putrescence
   158 | D:1      | Got The Basics of the Deep Truths
   363 | D:1      | Reached skill level 4 in Maces & Flails
   648 | D:2      | Identified the +6 chain mail of Pumois {-Cast -Tele rF+++
                  | rN++}
   727 | D:2      | Reached XP level 3. HP: 31/31 MP: 2/2
   879 | D:2      | Reached skill level 5 in Maces & Flails
  1163 | D:3      | Reached XP level 4. HP: 39/39 MP: 3/3
  1215 | D:3      | Reached skill level 6 in Maces & Flails
  1463 | D:3      | Found Suffuarr's Armour Boutique.
  1494 | D:3      | Reached XP level 5. HP: 45/45 MP: 4/4
  1778 | D:4      | Noticed a phantom
  1786 | D:4      | Killed a phantom
  1787 | D:4      | Reached skill level 7 in Maces & Flails
  1877 | D:4      | Noticed Robin
  1897 | D:4      | Killed Robin
  1903 | D:4      | Reached XP level 6. HP: 18/51 MP: 5/5
  1920 | D:4      | Reached skill level 8 in Maces & Flails
  2420 | D:4      | Reached skill level 9 in Maces & Flails
  2579 | D:5      | Entered Level 5 of the Dungeon
  2596 | D:5      | Reached XP level 7. HP: 57/57 MP: 6/6
  2636 | D:5      | Noticed Ijyb
  2641 | D:5      | Killed Ijyb
  2664 | D:5      | Reached skill level 10 in Maces & Flails
  2862 | D:5      | Found a shadowy altar of Dithmenos.
  2910 | D:5      | Noticed Prince Ribbit
  2925 | D:5      | Killed Prince Ribbit
  2926 | D:5      | Reached skill level 11 in Maces & Flails
  2926 | D:5      | Reached XP level 8. HP: 38/64 MP: 7/7
  2926 | D:5      | Found Ketoq's Antique Armour Boutique.
  3068 | D:5      | Reached skill level 12 in Maces & Flails
  3135 | D:5      | Found Azobeg's Tremendous Tomes.
  3756 | D:6      | Reached skill level 13 in Maces & Flails
  3868 | D:6      | Found a glowing golden altar of the Shining One.
  3896 | D:6      | Became a worshipper of the Shining One
  4244 | D:6      | Reached skill level 14 in Maces & Flails
  4244 | D:6      | Reached XP level 9. HP: 71/71 MP: 8/8
  4416 | D:7      | Found a hide-covered altar of Uskayaw.
  4491 | D:7      | Reached skill level 1 in Dodging
  4495 | D:7      | Reached skill level 1 in Invocations
  4495 | D:7      | Reached skill level 1 in Evocations
  4645 | D:7      | Found a staircase to the Ecumenical Temple.
  4913 | D:7      | Reached * piety under the Shining One
  5421 | D:7      | Reached skill level 5 in Armour
  5426 | D:7      | Reached skill level 5 in Fighting
  5426 | D:7      | Reached skill level 5 in Shields
  5577 | D:8      | Found a radiant altar of Vehumet.
  5668 | D:8      | Reached XP level 10. HP: 80/81 MP: 11/11
  6454 | D:9      | Reached ** piety under the Shining One
  6543 | D:9      | Paralysed by a hornet for 2 turns
  6798 | D:9      | Noticed Gastronok
  6811 | D:9      | Killed Gastronok
  7147 | D:10     | Entered Level 10 of the Dungeon
  7152 | D:10     | Reached skill level 5 in Dodging
  7156 | D:10     | Noticed Lodul
  7163 | D:10     | Noticed a stone giant
  7166 | D:10     | Noticed a cyclops
  7181 | D:9      | Mangled by a stone giant

Illustrated notes

Levels and vault maps discovered:
D:1:      amcnicky_arrival_blooded_trapdoor, layout_basic, hex_intersection,
          roderic_lattice_a
D:2:      minmay_spotlight, layout_rooms
D:3:      layout_basic, serial_shops, nicolae_shop_crystal, grunt_decor_junction
D:4:      layout_basic, uniq_robin
D:5:      layout_basic, mainiacjoe_overflow_paths, serial_shops, shop,
          nicolae_shop_i_like_big_books, uniq_ijyb, uniq_prince_ribbit1
D:6:      layout_basic, kennysheep_little_box
D:7:      layout_basic, mainiacjoe_overflow_tiny_flanked, temple_pool_b,
          hangedman_decor_peaks_small
D:8:      layout_rooms, nicolae_vehumet_radiance, kennysheep_minor_cross,
          nicolae_figureground_sparkle
D:9:      layout_loops_ring, uniq_gastronok
D:10:     minmay_chopped_fan, layout_cross,
          kennysheep_orc_monster_closet_entryway, serial_shops,
          nicolae_lakefront_shop, corexii_leaking_fountain, minmay_circle_x,
          uniq_lodul

Skill      XL: |  1  2  3  4  5  6  7  8  9 10 |
---------------+-------------------------------+-----
Maces & Flails | 3 4 5 6 7 9 11 14 | 14.0
Armour         | 5 7 |  7.1
Dodging        | 3 5 |  5.2
Fighting       | 5 7 |  7.0
Shields        | 5 7 |  7.0
Invocations    | 3 4 |  4.6
Evocations     | 2 4 |  4.3

Action                     |  1- 3 |  4- 6 |  7- 9 | 10-12 || total
---------------------------+-------+-------+-------+-------++-------
  Melee: Flail             |    96 |   121 |   282 |   110 ||   609
         Headbutt          |    16 |    18 |    60 |    42 ||   136
    Use: Scroll            |       |       |     3 |       ||     3
         Potion            |       |       |     1 |     1 ||     2
 Armour: Scale mail        |    18 |       |       |       ||    18
         Chain mail        |    25 |    52 |    75 |    45 ||   197
  Dodge: Dodged            |    58 |    45 |   173 |    86 ||   362
  Block: Buckler           |    20 |    20 |    44 |    23 ||   107

Table legend: (Time is in decaauts)
 A = Elapsed time spent in this place.
 B = Non-inter-level travel time spent in this place.
 C = Inter-level travel time spent in this place.
 D = Time resting spent in this place.
 E = Time spent auto-exploring this place.
 F = Levels seen in this place.
 G = Mean time per level.
                   A        B        C        D        E       F      G
               +--------+--------+--------+--------+--------+-----+--------+
         Total |   7127 |   6925 |    202 |      0 |   5705 |  10 |  712.7 |
       Dungeon |   7127 |   6925 |    202 |      0 |   5705 |  10 |  712.7 |
               +--------+--------+--------+--------+--------+-----+--------+

Top non-repeatable levels by time:
     D:7: 1144 daAuts
     D:5: 1125 daAuts
     D:9: 1015 daAuts
     D:4: 847 daAuts
     D:3: 683 daAuts
     D:1: 658 daAuts
     D:6: 640 daAuts
     D:8: 572 daAuts
     D:2: 418 daAuts
    D:10: 20 daAuts
